AoeStats
← kaidong173

Arabia

504687580Analyzed
4v4 RM · 26d ago on Sep 6, 2026· 47m 46s· 8 players
Game mode
Random Map
Map size
Large (8 player)
Population
200
Speed
Normal
Resources
Standard
Victory
Conquest
Starting age
Dark Age
Ending age
Imperial Age
RankedLock teamsTeams togetherTeam positionsShared explorationLock speedFull tech treeHidden civsTurbo modeCheats
Victory
Defeat
🇻🇳 Britons · Vietnam
1234
+13
🇻🇳 Magyars · Vietnam
1231
+13
🇻🇳 Ethiopians · Vietnam
1199
+15
🇻🇳 Jurchens · Vietnam
1167
+16
🇲🇽 Vietnamese · Mexico
1313
-19
🇲🇽 Ethiopians · Mexico
1225
-17
🇲🇽 Persians · Mexico
1129
-20
🇲🇽 Franks · Mexico
1010
-8
LYO
7:44 Loom
9:48 Feudal Age
10:46 Double-Bit Axe
12:46 Town Watch
15:23 Bloodlines
16:55 Wheelbarrow
20:59 Horse Collar
21:11 Gold Mining
21:27 Scale Barding Armor
23:34 Castle Age
25:58 Chain Barding Armor
26:45 Bow Saw
27:35 Hand Cart
29:14 Husbandry
32:42 Pikeman
34:56 Gold Shaft Mining
34:12 Stone Mining
36:11 Bow Saw
39:00 Imperial Age
37:18 Heavy Plow
38:27 Fletching
40:29 Plate Barding Armor
40:56 Two-Man Saw
40:27 Crop Rotation
39:22 Cavalier
40:48 Paladin
41:41 Bodkin Arrow
43:07 Bracer
44:02 Conscription
JackTheRipper
3:23 Loom
11:53 Feudal Age
12:59 Double-Bit Axe
17:07 Fletching
18:19 Padded Archer Armor
19:18 Horse Collar
20:54 Gold Mining
29:15 Castle Age
28:28 Stone Mining
29:19 Crossbowman
30:06 Thumb Ring
30:00 Bodkin Arrow
33:53 Leather Archer Armor
34:08 Bow Saw
34:49 Gold Shaft Mining
41:52 Elite Skirmisher
43:59 Wheelbarrow
44:20 Ballistics
48:19 Imperial Age
47:53 Hand Cart
kaidong173
6:17 Loom
9:30 Feudal Age
10:38 Double-Bit Axe
20:24 Padded Archer Armor
23:51 Castle Age
22:42 Gold Mining
22:45 Fletching
24:24 Crossbowman
26:04 Gold Shaft Mining
27:11 Leather Archer Armor
28:11 Bodkin Arrow
33:51 Ballistics
34:13 Wheelbarrow
41:20 Imperial Age
42:15 Arbalester
43:09 Bow Saw
44:02 Chemistry
43:04 Bracer
43:35 Ring Archer Armor
45:08 Conscription
Rangerzz
7:00 Loom
9:21 Feudal Age
10:32 Double-Bit Axe
11:59 Horse Collar
13:37 Forging
15:34 Scale Barding Armor
18:03 Wheelbarrow
18:38 Gold Mining
22:10 Castle Age
20:55 Bloodlines
22:53 Husbandry
23:04 Heavy Plow
23:14 Bow Saw
26:28 Iron Casting
30:26 Chain Barding Armor
45:55 Imperial Age
46:02 Elite Steppe Lancer
48:54 Plate Barding Armor
MZTK | Puppet
5:48 Loom
9:00 Feudal Age
16:42 Fletching
20:56 Padded Archer Armor
25:12 Castle Age
23:36 Double-Bit Axe
23:33 Horse Collar
23:59 Gold Mining
25:53 Bloodlines
26:05 Bow Saw
28:42 Husbandry
31:01 Ballistics
30:59 Bodkin Arrow
32:05 Leather Archer Armor
43:58 Thumb Ring
SoyKevinCoss
8:04 Loom
10:21 Feudal Age
23:48 Castle Age
22:45 Double-Bit Axe
26:02 Bow Saw
27:19 Town Watch
29:39 Pikeman
32:30 Husbandry
32:56 Forging
33:55 Wheelbarrow
36:53 Scale Mail Armor
38:28 Iron Casting
38:00 Scale Barding Armor
40:47 Imperial Age
39:06 Chain Mail Armor
43:58 Imperial Age
46:56 Imperial Age
47:01 Cavalier
lord_koreano
3:41 Loom
12:00 Feudal Age
16:31 Castle Age
15:45 Double-Bit Axe
16:26 Horse Collar
18:10 Wheelbarrow
22:38 Scale Barding Armor
24:14 Forging
27:32 Chain Barding Armor
28:12 Bloodlines
28:13 Gold Mining
37:25 Iron Casting
40:11 Imperial Age
38:03 Stone Mining
39:11 Husbandry
39:39 Heavy Plow
40:28 Cavalier
44:24 Blast Furnace
43:39 Bow Saw
44:21 Conscription
45:51 Plate Barding Armor
MZTK | Vasmart
7:16 Loom
9:46 Feudal Age
15:01 Fletching
20:47 Padded Archer Armor
28:56 Castle Age
27:55 Gold Mining
27:51 Double-Bit Axe
29:34 Bodkin Arrow
29:00 Crossbowman
29:48 Thumb Ring
30:01 Leather Archer Armor
33:34 Ballistics
Connection lost

Rejoining the realm…

Still unreachable

The connection could not be restored.

Session expired

The server has moved on; the page needs a fresh start.